 Dungeon Crawl Stone Soup version 0.25.1-2-g60ff931df9 (webtiles) character file.

Game seed: 1763898577082896233

1356 Garessta the Transmogrifier (level 8, 0/34 HPs)
             Began as a Felid Transmuter on Oct 18, 2020.
             Was a Follower of Ru.
             Succumbed to an orc wizard's poison
             ... on level 9 of the Dungeon.
             The game lasted 00:40:17 (15112 turns).

Garessta the Transmogrifier (Felid Transmuter)     Turns: 15112, Time: 00:40:17

Health: 0/34       AC: -3    Str:  9    XL:     8   Next: 37%
Magic:  22/22      EV: 24    Int: 14    God:    Ru [*.....]
Gold:   845        SH:  0    Dex: 22    Spells: 2/13 levels left
                                        Lives:  0   Deaths: 2

rFire    . . .     SeeInvis +     - Unarmed
rCold    . . .     Gourm    .   (shield unavailable)
rNeg     . . .     Faith    .   (armour unavailable)
rPois    x         Spirit   .   (helmet unavailable)
rElec    .         Reflect  .   (cloak unavailable)
rCorr    .         Harm     .   (gloves unavailable)
MR       +....                  (boots unavailable)
Stlth    +++.......             (no amulet)
HPRegen  0.11/turn              g - ring of magical power
MPRegen  0.18/turn              (no ring)

@: lethally poisoned (0 -> -21), spider-form
A: tiny, no armour, no weapons or thrown items, stealth, see invisible,
carnivore, slow metabolism 1, wild magic 2, reduced AC 1
a: End Transformation, Renounce Religion


You were on level 9 of the Dungeon.
You worshipped Ru.
Ru was aware of your devotion.
You were not hungry.
You were a venomous arachnid creature.
You visited 2 branches of the dungeon, and saw 10 of its levels.
You also visited: Sewer.

You collected 845 gold pieces.

Inventory:

Missiles
 a - 55 arrows
Jewellery
 g - a ring of magical power (left front leg)
 s - an uncursed ring of stealth
Wands
 f - a wand of polymorph (9)
 i - a wand of disintegration (18)
 p - a wand of flame (16)
 t - a wand of enslavement (3)
Scrolls
 d - a scroll of fog
 e - 4 scrolls of remove curse
 h - 2 scrolls of teleportation
 m - 2 scrolls of magic mapping
 o - a scroll of enchant armour {unknown}
Potions
 b - a potion of mutation
 j - 3 potions of magic
 l - a potion of haste
 n - 2 potions of brilliance
Comestibles
 c - 21 rations


   Skills:
 + Level 2.7 Fighting
 + Level 4.4 Dodging
 + Level 3.7 Stealth
 * Level 7.7 Unarmed Combat
 + Level 3.2 Spellcasting
 * Level 11.1 Transmutations


You had 2 spell levels left.
You knew the following spells:

 Your Spells              Type           Power        Failure   Level  Hunger
a - Beastly Appendage     Tmut           ######       7%          1    #......
b - Sticks to Snakes      Tmut           ######..     8%          2    ##.....
c - Spider Form           Tmut/Pois      ####......   32%         3    ###....
d - Blade Hands           Tmut           ######....   32%         5    ######.

Your spell library contained the following spells:

 Spells                   Type           Power        Failure   Level  Hunger
 Magic Dart               Conj           #...         61%         1    #......
 Blink                    Tloc           N/A          71%         2    ##.....
 Call Imp                 Summ           #.......     71%         2    ##.....
 Corpse Rot               Necr/Air       N/A          71%         2    ##.....
 Slow                     Hex            #.......     71%         2    ##.....
 Sublimation of Blood     Necr           #.........   71%         2    ##.....
 Ice Form                 Ice/Tmut       ####....     61%         4    #####..
 Conjure Flame            Conj/Fire      #.......     87%         3    ###....
 Mephitic Cloud           Conj/Pois/Air  #.......     87%         3    ###....
 Dispel Undead            Necr           #.......     99%         4    #####..
 Agony                    Necr           #.......     100%        5    ######.
 Bolt of Magma            Conj/Fire/Erth #.........   100%        5    ######.
 Iskenderun's Battlesphe  Conj/Chrm      #.......     100%        5    ######.
 Iron Shot                Conj/Erth      #.........   100%        6    #######
 Orb of Destruction       Conj           #.........   100%        7    #######
 Spellforged Servitor     Conj/Summ      #.........   100%        7    #######
 Excruciating Wounds      Chrm/Necr      Unusable     N/A         5    N/A

Dungeon Overview and Level Annotations

Branches:
Dungeon (9/15)             Temple (1/1) D:5            Lair (0/6) D:9
    Orc (0/2) D:9           Sewer (visited)

Altars:
Ashenzari
Cheibriados
Dithmenos
Elyvilon
Fedhas
Gozag
Hepliaklqana
Kikubaaqudgha
Makhleb
Nemelex Xobeh
Okawaru
Qazlal
Ru
Sif Muna
Trog
Uskayaw
Vehumet
Wu Jian
Xom
Yredelemnul
Zin
The Shining One
Beogh

Shops:
D:6 [

Annotations:
D:4 3 runed translucent doors, Gaxx's ghost, amateur DsGl; Menkaure
D:5 2 transporters, Thomus's ghost, novice DECj


Innate Abilities, Weirdness & Mutations

You cannot wear armour.
You are incapable of wielding weapons or throwing items.
Your paws allow you to move quietly. (Stealth)
((You have sharp claws.))
((You have razor-sharp teeth.))
You have supernaturally acute eyesight. (SInv)
You are carnivorous and can eat meat at any time.
((You cover ground quickly.))
((You are covered in thick fur. (AC +2)))
You have a slow metabolism.
You take slightly more damage. (AC -5)
((Your sharp claws are effective at attacking unaware monsters.))
Your spells are harder to cast, but more powerful.


Message History

The orc wizard looks as sick as possible!
The orc wizard is severely wounded.
You feel sick.
You redirect the orc wizard's attack!
The orc wizard gestures at the orc priest while chanting.
The puff of flame hits the orc priest!
The orc wizard casts a spell at you. The magic dart hits you!
The orc completely misses you.
You hit the orc wizard but do no damage.
The orc wizard looks as sick as possible!
The orc wizard is severely wounded.
* * * LOW HITPOINT WARNING * * *
You feel sick. The orc wizard casts a spell at you. The puff of flame hits you!
* * * LOW HITPOINT WARNING * * *
Okay, then.
Okay, then.
You barely miss the orc.
You die...

≈........# #........#
≈≈.......# #........#
#≈≈......#####........#
##.......'..##........#
#.......##..#........#
#.......###.#[...>...#
#.......# #..........#
#.......# ###(.).....#
####'#### #..so....# #.
####o##### #. #.o# #.##
#.o.....# ##......#
#......# #......#
......>..+ #..o...#


You could see an orc priest, an orc wizard (fast, extremely poisoned) and an
orc.

Vanquished Creatures
  A water moccasin (D:9)
  A phantom (D:4)
  A black bear (D:6)
  A sky beast (D:7)
  3 ogres
  3 centaurs
  A big kobold (D:8)
  6 bullfrogs
  A wyvern zombie (D:7)
  A killer bee (D:9)
  3 scorpions
  2 jellies
  3 wights (D:6)
  4 crimson imps
  A bullfrog zombie (D:7)
  2 quasits
  5 hounds
  3 orc priests
  A gnoll shaman (D:5)
  5 orc wizards
  2 iguanas
  Natasha (twice) (D:2)
  3 worker ants
  11 adders
  7 gnolls
  A howler monkey skeleton (D:4)
  A shadow imp (D:5)
  An ooze (D:1)
  An adder skeleton (D:6)
  5 leopard geckos
  22 orcs
  3 ball pythons
  10 bats
  9 giant cockroaches
  8 goblins
  7 hobgoblins
  15 jackals
  6 kobolds
  A quokka (D:2)
  11 frilled lizards
  A jackal skeleton (D:4)
  6 rats
181 creatures vanquished.

Vanquished Creatures (collateral kills)
  An orc warrior (D:7)
  A black bear (D:6)
  An ogre (D:5)
  Blork the orc (D:4)
  2 wights (D:6)
  A centaur zombie (D:7)
  A jelly (D:7)
  Jessica (D:2)
  Natasha (D:2)
  A worker ant (D:6)
  2 adders (D:3)
  A leopard gecko (D:6)
  An orc (D:6)
  A rat (D:3)
16 creatures vanquished.

Grand Total: 197 creatures vanquished

Notes
Turn   | Place    | Note
-------+----------+-------------------------------------------
     0 | D:1      | Garessta the Felid Transmuter began the quest for the Orb.
     0 | D:1      | Reached XP level 1. HP: 9/9 MP: 4/4
   337 | D:1      | Reached skill level 3 in Transmutations
   337 | D:1      | Reached XP level 2. HP: 12/12 MP: 4/6
  1132 | D:1      | Reached XP level 3. HP: 15/15 MP: 5/7
  1135 | D:1      | Reached skill level 4 in Transmutations
  1561 | D:1      | Learned a level 2 spell: Sticks to Snakes
  1565 | D:1      | Learned a level 3 spell: Spider Form
  1609 | D:2      | Noticed Jessica
  1627 | D:2      | Killed Jessica
  1787 | D:2      | Noticed Natasha
  1809 | D:2      | Killed Natasha
  1809 | D:2      | Reached skill level 5 in Transmutations
  1809 | D:2      | Reached XP level 4. HP: 8/19 MP: 4/8
  2046 | D:2      | Found an iron altar of Okawaru.
  2198 | D:2      | Found an ornate altar of the Wu Jian Council.
  2347 | D:2      | Noticed Natasha
  2360 | D:2      | Killed Natasha
  2671 | D:2      | Found a shimmering altar of Xom.
  2764 | D:2      | Noticed Natasha
  2775 | D:2      | Killed Natasha
  2949 | D:3      | Reached XP level 5. HP: 19/22 MP: 7/9
  3125 | D:3      | Reached skill level 6 in Transmutations
  3976 | D:4      | Noticed Blork the orc
  4256 | D:4      | Killed Blork the orc
  4321 | D:4      | Noticed an ogre
  4348 | D:4      | Killed an ogre
  4348 | D:4      | Reached skill level 7 in Transmutations
  4348 | D:4      | Gained mutation: You are covered in thick fur. (AC +2)
                  | [Felid growth]
  4348 | D:4      | Reached XP level 6. HP: 25/25 MP: 5/10
  4579 | D:4      | Noticed Menkaure
  5030 | D:4      | Noticed Gaxx's ghost (amateur DsGl)
  5031 | D:4      | Found a runed translucent gate.
  5031 | D:4      | Found a runed translucent gate.
  5031 | D:4      | Found a runed translucent gate.
  5033 | D:4      | Found a roughly hewn altar of Beogh.
  5052 | D:4      | Reached skill level 8 in Transmutations
  5678 | D:5      | Entered Level 5 of the Dungeon
  5737 | D:5      | Reached XP level 7. HP: 25/28 MP: 5/11
  6084 | D:5      | Noticed Thomus's ghost (novice DECj)
  6133 | D:5      | Found a transporter.
  6227 | D:5      | Found a transporter.
  6253 | D:5      | Reached skill level 9 in Transmutations
  6303 | D:5      | Found a staircase to the Ecumenical Temple.
  6312 | Temple   | Entered the Ecumenical Temple
  6402 | D:5      | Found a glowing drain.
  6427 | Sewer    | Entered a sewer
  7235 | Sewer    | Gained mutation: Your spells are a little harder to cast,
                  | but a little more powerful. [potion of mutation]
  7235 | Sewer    | Gained mutation: Your spells are harder to cast, but more
                  | powerful. [potion of mutation]
  8512 | D:6      | Reached XP level 8. HP: 17/32 MP: 10/12
  8673 | D:5      | Learned a level 5 spell: Blade Hands
  8753 | D:6      | HP: 1/32 [black bear (5)]
  8755 | D:6      | Reached skill level 5 in Unarmed Combat
  9192 | D:6      | Found Zinnitiw's Armour Boutique.
  9390 | D:6      | Reached skill level 10 in Transmutations
  9777 | D:6      | Found a sacrificial altar of Ru.
  9778 | D:6      | Found a glowing silver altar of Zin.
  9779 | D:6      | Found a shimmering blue altar of Sif Muna.
  9779 | D:6      | Found a hide-covered altar of Uskayaw.
  9799 | D:6      | Shot with an arrow by a centaur
  9800 | D:6      | Reached XP level 7. HP: -3/28 MP: 11/11
 10107 | D:6      | Became a worshipper of Ru the Awakened
 10814 | D:7      | Reached XP level 8. HP: 32/32 MP: 12/12
 11463 | D:7      | Reached skill level 1 in Stealth
 12557 | D:7      | Found a shadowy altar of Dithmenos.
 13115 | D:8      | Gained mutation: You take slightly more damage. (AC -5) [Ru
                  | sacrifice]
 13115 | D:8      | Reached * piety under Ru
 13940 | D:8      | Reached XP level 9. HP: 36/36 MP: 14/14
 14443 | D:9      | Reached skill level 11 in Transmutations
 14453 | D:9      | Found a staircase to the Lair.
 14528 | D:9      | Found a basalt altar of Yredelemnul.
 14795 | D:9      | Found a staircase to the Orcish Mines.
 14804 | D:9      | Slain by a killer bee
 14805 | D:9      | Reached XP level 8. HP: -5/34 MP: 21/22
 15111 | D:9      | HP: 1/34 [orc wizard/puff of flame (8)]
 15112 | D:9      | Succumbed to an orc wizard's poison

Illustrated notes

Levels and vault maps discovered:
D:1:      matt_arrival_grand_opening, layout_loops_corners
D:2:      layout_basic, lemuel_round_altar, overflow_temple_1_default,
          kennysheep_flooded_box, uniq_jessica, uniq_natasha
D:3:      layout_loops_ring, kennysheep_generic_room_15
D:4:      layout_loops_ring, biasface_ghost_orc_armoury, uniq_blork_the_orc,
          uniq_menkaure
D:5:      layout_basic, minmay_temple_entry_stoned_glass,
          cheibrodos_sewer_entry_sluice, gammafunk_ghost_arena, first_ration
D:6:      layout_rooms, grunt_temple_overflow_open, serial_shops,
          nicolae_shop_statue_plus
D:7:      minmay_polygon_palace, layout_basic, lemuel_coloured_pillars_altar
D:8:      layout_loops_ring, blue_anna_alchemist [blue_anna_fruit_fields,
          blue_anna_fruit_fields]
D:9:      layout_roguey, yredelemnul_altar_generic, lair_entry_dummy,
          minmay_orc_entry_temple_small, special_room [special_room_bee],
          chequers_serial_rivers_small_b, hex_large, minmay_misc_feat_diagonals
Temple:   nicolae_temple_great_sept

Skill      XL: |  1  2  3  4  5  6  7  8  9 |
---------------+----------------------------+-----
Transmutations | 3 5 7 8 9 10 11 | 11.1
Unarmed Combat | 6 7 |  7.7
Dodging        | 4 |  4.4
Stealth        | 3 |  3.7
Fighting       | 2 |  2.7
Spellcasting   | 3 |  3.2

Action                   |  1- 3 |  4- 6 |  7- 9 || total
-------------------------+-------+-------+-------++-------
Melee: Unarmed           |   103 |   133 |   402 ||   638
       Headbutt          |    13 |    17 |    31 ||    61
       Bite              |     2 |     8 |    20 ||    30
       Punch             |     1 |     1 |     1 ||     3
 Cast: Beastly Appendage |    31 |    29 |    31 ||    91
       Sticks to Snakes  |     4 |    16 |    26 ||    46
       Spider Form       |       |     4 |    41 ||    45
       Blade Hands       |       |       |     1 ||     1
Invok: Sacrifice Health  |       |       |     1 ||     1
 Abil: End Transformatio |       |       |     3 ||     3
Evoke: Wand              |       |       |     5 ||     5
  Use: Scroll            |       |     7 |     9 ||    16
       Potion            |       |     3 |     5 ||     8
 Stab: Sleeping          |     5 |     8 |     5 ||    18
       Distracted        |       |     1 |     2 ||     3
  Eat: Chunk             |    10 |     7 |    35 ||    52
Armor: Skin              |     9 |     6 |    26 ||    41
Dodge: Dodged            |    76 |    87 |   379 ||   542
